Penguins vs Blackhawks

Created - 12 janvier 2017 at 06:54

Goals
1 2 3 T
Penguins 0 1 1 2
Blackhawks 1 0 2 3
Shots
1 2 3 T
Penguins 8 8 20 36
Blackhawks 14 3 13 30

1st period

1. Blackhawks , Derick Brassard 16 (Antoine Roussel, Patrick Kane) at 7:32

Penalties :
Luke Schenn (Pit) for Interference (Minor) at 0:59, Max Pacioretty (Pit) for Holding (Minor) at 14:44

2nd period

2. Penguins , Dion Phaneuf 8 (Sam Gagner) at 19:00 (PP)

Penalties :
Carson Mcmillan (Chi) for High sticking (Minor) at 4:25, Sean Zimmerman (Pit) for Holding (Minor) at 8:30, Patrick Kane (Chi) for Holding (Minor) at 17:45, Tomas Fleischmann (Chi) for Interference (Minor) at 19:54

3rd period

3. Penguins , Dion Phaneuf 9 (Steven Stamkos, Bobby Ryan) at 0:16 (PP)
4. Blackhawks , Patrick Kane 20 (Kurt Sauer, Derick Brassard) at 5:03
5. Blackhawks , Oleg Saprykin 4 (Patrick Kaleta, Denis Grebeshkov) at 16:05

Penalties :
Steven Stamkos (Pit) for Hooking (Minor) at 6:24, Ryan Hollweg (Chi) for Slashing (Double Minor) at 10:44

Goalie Stats

Josh Tordjman (Pit), 27 saves from 30 shots - (0,900), L, 2-3-0, 59:17 minutes
Jimmy Howard (Chi), 34 saves from 36 shots - (0,944), W, 17-8-1, 60:00 minutes

Players Stats for Penguins

Player Name              G  A  P  +/- PIM S  H  SB GA TA FO     MP     PP MP  PK MP  
------------------------------------------------------------------------------------
Bobby Ryan               0  1  1   0  0   1  1  0  0  0  1/1    22:18   3:53   2:57 
Brayden Schenn           0  0  0   0  0   2  0  0  0  0  2/7    12:06   0:43   2:52 
Brian McGrattan          0  0  0   0  0   1  0  0  1  0  0/0    10:05   0:44   0:00 
Cory Sarich              0  0  0  -1  0   0  0  0  0  1  0/0    13:09   0:00   2:15 
Derek Joslin             0  0  0  -1  0   0  1  4  0  1  0/0    12:09   0:00   0:47 
Dion Phaneuf             2  0  2   0  0   9  4  1  1  1  0/0    25:57   4:07   4:17 
Duncan Keith             0  0  0  -2  0   1  2  1  1  0  0/0    22:07   3:28   3:02 
Dustin Penner            0  0  0  -2  0   0  0  1  0  0  1/1    15:28   2:58   1:28 
Josef Vasicek            0  0  0   0  0   0  0  0  1  1  4/7    12:03   0:00   2:30 
Luke Schenn              0  0  0  -2  2   3  2  0  0  0  0/0    20:47   3:28   1:49 
Max Pacioretty           0  0  0   0  2   2  0  0  0  0  1/2    19:26   3:51   0:10 
Nathan Horton            0  0  0  -3  0   3  1  1  0  0  0/0    18:02   2:58   3:58 
Nikita Alexeev           0  0  0   0  0   3  1  0  0  0  1/1     8:27   0:00   0:00 
Sam Gagner               0  1  1  -3  0   2  1  0  0  0  7/14   16:42   2:58   2:34 
Sean Zimmerman           0  0  0   0  2   1  1  0  0  0  0/0    25:19   4:07   3:05 
Simon Gagné              0  0  0   0  0   2  3  2  0  0  0/0    10:07   0:46   0:00 
Steve Sullivan           0  0  0   0  0   1  2  0  0  0  0/0     8:27   0:00   0:00 
Steven Stamkos           0  1  1  -1  2   5  1  0  1  0  14/27  19:21   3:54   0:00 

Players Stats for Blackhawks

Player Name              G  A  P  +/- PIM S  H  SB GA TA FO     MP     PP MP  PK MP  
------------------------------------------------------------------------------------
Antoine Roussel          0  1  1   2  0   0  1  0  1  0  2/2    21:46   3:21   1:53 
Brendan Bell             0  0  0   2  0   0  0  2  0  0  0/0    15:09   0:00   2:52 
Carson Mcmillan          0  0  0   1  2   1  1  0  0  0  0/1     6:53   0:00   0:00 
Dave Tanabe              0  0  0   2  0   0  0  2  0  0  0/0    18:45   3:41   1:26 
Denis Grebeshkov         0  1  1   1  0   0  2  1  0  0  0/0    20:13   3:41   3:06 
Derick Brassard          1  1  2   2  0   5  1  0  1  0  13/25  19:00   3:34   0:00 
Ian White                0  0  0   0  0   1  1  1  0  0  0/0    22:41   4:15   0:00 
Jonathan Toews           0  0  0   0  0   0  2  1  0  0  8/13   19:37   3:24   2:18 
Joni Pitkanen            0  0  0   0  0   2  3  1  0  0  0/0    26:56   4:15   3:54 
Kurt Sauer               0  1  1   1  0   1  0  0  0  0  0/0    16:16   0:00   3:52 
Kyle Brodziak            0  0  0   1  0   1  1  0  0  0  1/3     6:48   0:00   0:00 
Niclas Bergfors          0  0  0   0  0   1  1  0  1  1  0/0    16:32   3:42   0:00 
Oleg Saprykin            1  0  1   1  0   1  2  0  0  0  0/0    11:06   0:12   3:52 
Patrick Kaleta           0  1  1   0  0   0  2  0  0  0  0/1    10:26   0:28   1:48 
Patrick Kane             1  1  2   2  2   12 1  1  0  2  1/3    20:19   3:46   0:00 
Peter Regin              0  0  0   0  0   0  2  1  0  0  2/9    13:36   1:19   4:02 
Ryan Hollweg             0  0  0   0  4   2  1  0  0  1  0/0    13:03   0:00   0:16 
Tomas Fleischmann        0  0  0   0  2   3  2  0  1  1  2/3    13:15   4:02   1:01 

3 Stars

1 - Dion Phaneuf (Pit)
2 - Derick Brassard (Chi)
3 - Patrick Kane (Chi)

Power Play

Penguins - 2 on 5 Attempt(s) - 40,00%
Blackhawks - 0 on 4 Attempt(s) - 0,00%

Penalty Kill

Penguins - 4 on 4 Attempt(s) - 100,00% - Score 0 goal in Penalty Kill
Blackhawks - 3 on 5 Attempt(s) - 60,00% - Score 0 goal in Penalty Kill

Team Stat

Penguins - Hits : 20 - Faceoff Wins : 31 - Blocked Shots : 10 - Penalty Minutes : 8
Blackhawks - Hits : 23 - Faceoff Wins : 29 - Blocked Shots : 10 - Penalty Minutes : 10

Official

Referees : Pochmara Brian and Charron Francis
Linesman : Steve Barton and Ryan Galloway

Game Notes

No Game Note

Finance

Level 1 -- Attendance: 5106 (85,10%) -- Ticket Income 474 858 $
Level 2 -- Attendance: 3780 (75,60%) -- Ticket Income 219 240 $
Level 3 -- Attendance: 1472 (73,60%) -- Ticket Income 54 464 $
Level 4 -- Attendance: 2948 (73,70%) -- Ticket Income 76 648 $
Luxury Box -- Attendance: 748 (74,80%) -- Ticket Income 129 404 $
Game was played at the Rexall Place.
Total Attendance: 14054 (78,08%)
Total Ticket Income: 954 614 $
Other Income: 143 192 $
Total Income: 1 097 806 $

Penguins

5 vs 5 Forward 
   Center                   Left Wing                Right Wing               Time % Phy DF OF 
 1 Steven Stamkos           Max Pacioretty           Bobby Ryan               40     0   2  3  
 2 Sam Gagner               Dustin Penner            Nathan Horton            30     0   2  3  
 3 Josef Vasicek            Simon Gagné              Brian McGrattan          20     0   2  3  
 4 Brayden Schenn           Steve Sullivan           Nikita Alexeev           10     0   2  3  

5 vs 5 Defense 
   Defense                  Defense                                           Time % Phy DF OF 
 1 Sean Zimmerman           Dion Phaneuf                                      45     1   2  2  
 2 Luke Schenn              Duncan Keith                                      33     1   2  2  
 3 Cory Sarich              Derek Joslin                                      22     1   2  2  
 4 Luke Schenn              Dion Phaneuf                                      0      1   2  2  

PowerPlay Forward 
   Center                   Left Wing                Right Wing               Time % Phy DF OF 
 1 Steven Stamkos           Max Pacioretty           Bobby Ryan               60     0   1  4  
 2 Sam Gagner               Dustin Penner            Nathan Horton            40     0   1  4  

PowerPlay Defense
   Defense                  Defense                                           Time % Phy DF OF 
 1 Sean Zimmerman           Dion Phaneuf                                      60     0   2  3  
 2 Luke Schenn              Duncan Keith                                      40     0   2  3  

Penalty Kill 4 Players Forward 
   Center                   Wing                     Time % Phy DF OF 
 1 Brayden Schenn           Nathan Horton            60     0   4  1  
 2 Josef Vasicek            Bobby Ryan               40     0   4  1  

Penalty Kill 4 Players Defense
   Defense                  Defense                  Time % Phy DF OF 
 1 Sean Zimmerman           Dion Phaneuf             60     1   4  0  
 2 Luke Schenn              Duncan Keith             40     1   4  0  

Penalty Kill - 3 Players Forward 
   Forward                                           Time % Phy DF OF 
 1 Nathan Horton                                     60     0   4  1  
 2 Bobby Ryan                                        40     0   4  1  

Penalty Kill - 3 Players Defense
   Defense                  Defense                  Time % Phy DF OF 
 1 Sean Zimmerman           Dion Phaneuf             60     1   4  0  
 2 Luke Schenn              Duncan Keith             40     1   4  0  

4 vs 4 Forward 
   Center                   Wing                     Time % Phy DF OF 
 1 Steven Stamkos           Bobby Ryan               60     0   2  3  
 2 Sam Gagner               Nathan Horton            40     0   2  3  

4 vs 4 Defense
   Defense                  Defense                  Time % Phy DF OF 
 1 Sean Zimmerman           Dion Phaneuf             60     1   2  2  
 2 Luke Schenn              Duncan Keith             40     1   2  2  

Last Minutes Offensive
   Center                   Left Wing                Right Wing               Defense                  Defense                  
   Steven Stamkos           Max Pacioretty           Bobby Ryan               Sean Zimmerman           Dion Phaneuf             

Last Minutes Defensive
   Center                   Left Wing                Right Wing               Defense                  Defense                  
   Brayden Schenn           Simon Gagné              Nathan Horton            Sean Zimmerman           Dion Phaneuf             

Goaltenders
Starting : Josh Tordjman            
Backup : Brian Elliott            

Extra Forwards
Normal : Steven Stamkos, Sam Gagner, Josef Vasicek - PP : Steven Stamkos, Sam Gagner - PK : Nathan Horton
Extra Defensemen
Normal : Dion Phaneuf, Duncan Keith, Cory Sarich - PP : Derek Joslin - PK : Sean Zimmerman, Luke Schenn
Penalty Shots
Max Pacioretty, Bobby Ryan, Nathan Horton, Steven Stamkos, Simon Gagné

Blackhawks

5 vs 5 Forward 
   Center                   Left Wing                Right Wing               Time % Phy DF OF 
 1 Derick Brassard          Antoine Roussel          Patrick Kane             40     1   2  2  
 2 Jonathan Toews           Ryan Hollweg             Niclas Bergfors          30     1   2  2  
 3 Peter Regin              Tomas Fleischmann        Patrick Kaleta           20     1   2  2  
 4 Kyle Brodziak            Oleg Saprykin            Carson Mcmillan          10     1   2  2  

5 vs 5 Defense 
   Defense                  Defense                                           Time % Phy DF OF 
 1 Ian White                Joni Pitkanen                                     40     1   2  2  
 2 Kurt Sauer               Denis Grebeshkov                                  30     1   2  2  
 3 Dave Tanabe              Brendan Bell                                      20     1   2  2  
 4 Ian White                Joni Pitkanen                                     10     1   2  2  

PowerPlay Forward 
   Center                   Left Wing                Right Wing               Time % Phy DF OF 
 1 Derick Brassard          Tomas Fleischmann        Patrick Kane             60     1   2  2  
 2 Jonathan Toews           Antoine Roussel          Niclas Bergfors          40     1   2  2  

PowerPlay Defense
   Defense                  Defense                                           Time % Phy DF OF 
 1 Ian White                Joni Pitkanen                                     60     1   2  2  
 2 Dave Tanabe              Denis Grebeshkov                                  40     1   2  2  

Penalty Kill 4 Players Forward 
   Center                   Wing                     Time % Phy DF OF 
 1 Peter Regin              Oleg Saprykin            60     1   2  2  
 2 Jonathan Toews           Antoine Roussel          40     1   2  2  

Penalty Kill 4 Players Defense
   Defense                  Defense                  Time % Phy DF OF 
 1 Kurt Sauer               Joni Pitkanen            60     1   2  2  
 2 Brendan Bell             Denis Grebeshkov         40     1   2  2  

Penalty Kill - 3 Players Forward 
   Forward                                           Time % Phy DF OF 
 1 Peter Regin                                       60     1   2  2  
 2 Jonathan Toews                                    40     1   2  2  

Penalty Kill - 3 Players Defense
   Defense                  Defense                  Time % Phy DF OF 
 1 Kurt Sauer               Joni Pitkanen            60     1   2  2  
 2 Brendan Bell             Denis Grebeshkov         40     1   2  2  

4 vs 4 Forward 
   Center                   Wing                     Time % Phy DF OF 
 1 Derick Brassard          Antoine Roussel          60     1   2  2  
 2 Jonathan Toews           Patrick Kane             40     1   2  2  

4 vs 4 Defense
   Defense                  Defense                  Time % Phy DF OF 
 1 Ian White                Joni Pitkanen            60     1   2  2  
 2 Kurt Sauer               Denis Grebeshkov         40     1   2  2  

Last Minutes Offensive
   Center                   Left Wing                Right Wing               Defense                  Defense                  
   Derick Brassard          Antoine Roussel          Patrick Kane             Ian White                Joni Pitkanen            

Last Minutes Defensive
   Center                   Left Wing                Right Wing               Defense                  Defense                  
   Jonathan Toews           Antoine Roussel          Patrick Kane             Ian White                Joni Pitkanen            

Goaltenders
Starting : Jimmy Howard             
Backup : Al Montoya               

Extra Forwards
Normal : Tomas Fleischmann, Peter Regin, Patrick Kaleta - PP : Tomas Fleischmann, Peter Regin - PK : Patrick Kaleta
Extra Defensemen
Normal : Joni Pitkanen, Denis Grebeshkov, Kurt Sauer - PP : Joni Pitkanen - PK : Denis Grebeshkov, Kurt Sauer
Penalty Shots
Patrick Kane, Derick Brassard, Jonathan Toews, Niclas Bergfors, Antoine Roussel

% Time on Ice - Penguins

Lines # - Real PCT - Wanted PCT - Time Play
Normal Forward
1 - 33% - 40% - 14:15
2 - 26% - 30% - 11:11
3 - 22% - 20% - 9:21
4 - 20% - 10% - 8:27
Normal Defense
1 - 39% - 45% - 16:53
2 - 36% - 33% - 15:34
3 - 25% - 22% - 10:47
4 - 0% - 0% - 0:00
PP Forward
1 - 61% - 60% - 4:37
2 - 39% - 40% - 2:58
PP Defense
1 - 54% - 60% - 4:07
2 - 46% - 40% - 3:28
PK Forward
1 - 71% - 60% - 5:36
2 - 29% - 40% - 2:20
PK Defense
1 - 64% - 60% - 5:04
2 - 36% - 40% - 2:52
PK3 Forward
1 - 0% - 60%
2 - 0% - 40%
PK3 Defense
1 - 0% - 60%
2 - 0% - 40%
44 Forward
1 - 0% - 60%
2 - 0% - 40%
44 Defense
1 - 0% - 60%
2 - 0% - 40%
Last Minute Offensive  - 1:15
Last Minute Defensive  - 0:00
Total
Forward - 60:00
Defense - 60:00

% Time on Ice - Blackhawks

Lines # - Real PCT - Wanted PCT - Time Play
Normal Forward
1 - 36% - 40% - 15:33
2 - 30% - 30% - 12:50
3 - 19% - 20% - 8:09
4 - 16% - 10% - 6:48
Normal Defense
1 - 41% - 40% - 17:35
2 - 31% - 30% - 13:26
3 - 26% - 20% - 11:07
4 - 3% - 10% - 1:12
PP Forward
1 - 50% - 60% - 4:00
2 - 50% - 40% - 3:56
PP Defense
1 - 54% - 60% - 4:15
2 - 46% - 40% - 3:41
PK Forward
1 - 75% - 60% - 5:42
2 - 25% - 40% - 1:53
PK Defense
1 - 59% - 60% - 4:29
2 - 41% - 40% - 3:06
PK3 Forward
1 - 0% - 60%
2 - 0% - 40%
PK3 Defense
1 - 0% - 60%
2 - 0% - 40%
44 Forward
1 - 0% - 60%
2 - 0% - 40%
44 Defense
1 - 0% - 60%
2 - 0% - 40%
Last Minute Offensive  - 0:00
Last Minute Defensive  - 1:09
Total
Forward - 60:00
Defense - 60:00

Play by Play

1st period


0:01 of 1st period - Derick Brassard wins face-off versus Steven Stamkos in neutral zone.
0:08 of 1st period - Snap shot by Derick Brassard.
0:08 of 1st period - Stopped by Josh Tordjman without a rebound.
0:09 of 1st period - Derick Brassard wins face-off versus Steven Stamkos in Penguins zone.
0:16 of 1st period - Slapshot by Derick Brassard.
0:16 of 1st period - Shot Blocked by Dion Phaneuf.
0:44 of 1st period - Snap shot by Bobby Ryan.
0:44 of 1st period - Stopped by Jimmy Howard without a rebound.
0:45 of 1st period - Sam Gagner wins face-off versus Jonathan Toews in Blackhawks zone.
0:59 of 1st period - Minor Penalty to Luke Schenn for Interference.
1:00 of 1st period - Tomas Fleischmann wins face-off versus Brayden Schenn in Penguins zone.
2:24 of 1st period - Duncan Keith is hit by Antoine Roussel and loses puck.
2:59 of 1st period - Penalty to Luke Schenn is over, Luke Schenn is back on ice.
3:05 of 1st period - Off-side.
3:06 of 1st period - Josef Vasicek wins face-off versus Kyle Brodziak in neutral zone.
3:12 of 1st period - Icing by Dave Tanabe.
3:13 of 1st period - Josef Vasicek wins face-off versus Carson Mcmillan in Blackhawks zone.
3:18 of 1st period - Wrist shot by Josef Vasicek.
3:18 of 1st period - Shot Blocked by Brendan Bell.
3:32 of 1st period - Dion Phaneuf is hit by Oleg Saprykin and loses puck.
3:39 of 1st period - Snap shot by Oleg Saprykin.
3:39 of 1st period - Shot Blocked by Simon Gagné.
3:41 of 1st period - Snap shot by Brendan Bell.
3:41 of 1st period - Shot Misses the Net.
3:43 of 1st period - Slapshot by Brendan Bell.
3:43 of 1st period - Deflect By Carson Mcmillan.
3:43 of 1st period - Stopped by Josh Tordjman without a rebound.
3:44 of 1st period - Jonathan Toews wins face-off versus Sam Gagner in Penguins zone.
3:57 of 1st period - Wrist shot by Nathan Horton.
3:57 of 1st period - Stopped by Jimmy Howard with a rebound.
3:59 of 1st period - Slapshot by Nathan Horton.
3:59 of 1st period - Stopped by Jimmy Howard without a rebound.
4:00 of 1st period - Steven Stamkos wins face-off versus Derick Brassard in Blackhawks zone.
4:27 of 1st period - Nathan Horton is hit by Patrick Kaleta and loses puck.
4:46 of 1st period - Wrist shot by Brayden Schenn.
4:46 of 1st period - Stopped by Jimmy Howard without a rebound.
4:47 of 1st period - Jonathan Toews wins face-off versus Brayden Schenn in Blackhawks zone.
5:40 of 1st period - Icing by Josef Vasicek.
5:41 of 1st period - Jonathan Toews wins face-off versus Josef Vasicek in Penguins zone.
5:48 of 1st period - Backhand shot by Jonathan Toews.
5:48 of 1st period - Shot Misses the Net.
6:30 of 1st period - Wrist shot by Brian McGrattan.
6:30 of 1st period - Stopped by Jimmy Howard with a rebound.
6:32 of 1st period - Snap shot by Josef Vasicek.
6:32 of 1st period - Shot Blocked by Denis Grebeshkov.
6:34 of 1st period - Backhand shot by Simon Gagné.
6:34 of 1st period - Shot Misses the Net.
6:36 of 1st period - Wrist shot by Brian McGrattan.
6:36 of 1st period - Shot Misses the Net.
7:02 of 1st period - Slapshot by Dion Phaneuf.
7:02 of 1st period - Stopped by Jimmy Howard without a rebound.
7:03 of 1st period - Derick Brassard wins face-off versus Steven Stamkos in Blackhawks zone.
7:08 of 1st period - Snap shot by Patrick Kane.
7:08 of 1st period - Stopped by Josh Tordjman without a rebound.
7:09 of 1st period - Derick Brassard wins face-off versus Steven Stamkos in Penguins zone.
7:12 of 1st period - Snap shot by Patrick Kane.
7:12 of 1st period - Stopped by Josh Tordjman with a rebound.
7:14 of 1st period - Slapshot by Joni Pitkanen.
7:14 of 1st period - Stopped by Josh Tordjman without a rebound.
7:15 of 1st period - Derick Brassard wins face-off versus Sam Gagner in Penguins zone.
7:18 of 1st period - Wrist shot by Derick Brassard.
7:18 of 1st period - Shot Blocked by Nathan Horton.
7:20 of 1st period - Wrist shot by Antoine Roussel.
7:20 of 1st period - Shot Misses the Net.
7:22 of 1st period - Wrist shot by Derick Brassard.
7:22 of 1st period - Shot Misses the Net.
7:24 of 1st period - Wrist shot by Patrick Kane.
7:24 of 1st period - Stopped by Josh Tordjman with a rebound.
7:32 of 1st period - Slapshot by Derick Brassard.
7:32 of 1st period - Goal by Derick Brassard - Penguins : 0 - Blackhawks : 1.
7:33 of 1st period - Derick Brassard wins face-off versus Steven Stamkos in neutral zone.
7:48 of 1st period - Wrist shot by Patrick Kane.
7:48 of 1st period - Shot Misses the Net.
7:50 of 1st period - Wrist shot by Derick Brassard.
7:50 of 1st period - Deflect By Patrick Kane.
7:50 of 1st period - Stopped by Josh Tordjman with a rebound.
8:00 of 1st period - Patrick Kaleta is hit by Sam Gagner.
9:54 of 1st period - Slapshot by Joni Pitkanen.
9:54 of 1st period - Shot Blocked by Derek Joslin.
10:45 of 1st period - Slapshot by Kyle Brodziak.
10:45 of 1st period - Stopped by Josh Tordjman without a rebound.
10:46 of 1st period - Dustin Penner wins face-off versus Patrick Kane in Penguins zone.
10:55 of 1st period - Slapshot by Nathan Horton.
10:55 of 1st period - Shot Misses the Net.
10:57 of 1st period - Snap shot by Sam Gagner.
10:57 of 1st period - Stopped by Jimmy Howard with a rebound.
10:59 of 1st period - Slapshot by Dion Phaneuf.
10:59 of 1st period - Deflect By Nathan Horton.
10:59 of 1st period - Shot Blocked by Brendan Bell.
10:59 of 1st period - Puck is out of play.
11:00 of 1st period - Derick Brassard wins face-off versus Steven Stamkos in Blackhawks zone.
11:00 of 1st period - Derick Brassard is hit by Sean Zimmerman.
11:26 of 1st period - Nathan Horton is hit by Patrick Kaleta and loses puck.
12:05 of 1st period - Slapshot by Antoine Roussel.
12:05 of 1st period - Shot Blocked by Duncan Keith.
12:11 of 1st period - Patrick Kane is hit by Simon Gagné and loses puck.
12:26 of 1st period - Brendan Bell is hit by Bobby Ryan and loses puck.
12:48 of 1st period - Snap shot by Dion Phaneuf.
12:48 of 1st period - Shot Blocked by Peter Regin.
12:50 of 1st period - Slapshot by Dion Phaneuf.
12:50 of 1st period - Stopped by Jimmy Howard without a rebound.
12:51 of 1st period - Derick Brassard wins face-off versus Brayden Schenn in Blackhawks zone.
13:14 of 1st period - Brayden Schenn is hit by Joni Pitkanen and loses puck.
13:27 of 1st period - Snap shot by Patrick Kane.
13:27 of 1st period - Stopped by Josh Tordjman with a rebound.
13:29 of 1st period - Slapshot by Derick Brassard.
13:29 of 1st period - Deflect By Patrick Kane.
13:29 of 1st period - Stopped by Josh Tordjman with a rebound.
13:31 of 1st period - Slapshot by Joni Pitkanen.
13:31 of 1st period - Stopped by Josh Tordjman with a rebound.
13:33 of 1st period - Slapshot by Ian White.
13:33 of 1st period - Stopped by Josh Tordjman with a rebound.
13:35 of 1st period - Slapshot by Joni Pitkanen.
13:35 of 1st period - Shot Blocked by Derek Joslin.
13:37 of 1st period - Snap shot by Patrick Kane.
13:37 of 1st period - Shot Blocked by Derek Joslin.
14:03 of 1st period - Cory Sarich is hit by Derick Brassard and loses puck.
14:29 of 1st period - Slapshot by Antoine Roussel.
14:29 of 1st period - Shot Misses the Net.
14:31 of 1st period - Slapshot by Antoine Roussel.
14:31 of 1st period - Shot Misses the Net.
14:33 of 1st period - Snap shot by Joni Pitkanen.
14:33 of 1st period - Deflect By Patrick Kane.
14:33 of 1st period - Shot Misses the Net.
14:33 of 1st period - Puck is out of play.
14:34 of 1st period - Jonathan Toews wins face-off versus Max Pacioretty in Penguins zone.
14:37 of 1st period - Snap shot by Ryan Hollweg.
14:37 of 1st period - Shot Misses the Net.
14:39 of 1st period - Slapshot by Ryan Hollweg.
14:39 of 1st period - Stopped by Josh Tordjman without a rebound.
14:40 of 1st period - Jonathan Toews wins face-off versus Steven Stamkos in Penguins zone.
14:44 of 1st period - Minor Penalty to Max Pacioretty for Holding.
14:45 of 1st period - Sam Gagner wins face-off versus Jonathan Toews in Penguins zone.
16:44 of 1st period - Penalty to Max Pacioretty is over, Max Pacioretty is back on ice.
18:01 of 1st period - Denis Grebeshkov is hit by Simon Gagné and loses puck.
18:26 of 1st period - Derek Joslin is hit by Oleg Saprykin and loses puck.
19:01 of 1st period - Snap shot by Nathan Horton.
19:01 of 1st period - Shot Misses the Net.
19:50 of 1st period - Patrick Kaleta is hit by Dion Phaneuf and loses puck.
19:58 of 1st period - Wrist shot by Nathan Horton.
19:58 of 1st period - Deflect By Sam Gagner.
19:58 of 1st period - Shot Misses the Net.
19:58 of 1st period - Puck is out of play.
19:59 of 1st period - Derick Brassard wins face-off versus Steven Stamkos in Blackhawks zone.
Goals for this period are 0 for Penguins vs 1 for Blackhawks.
Shots for this period are 8 for Penguins vs 14 for Blackhawks.

2nd period


0:01 of 2nd period - Steven Stamkos wins face-off versus Jonathan Toews in neutral zone.
0:39 of 2nd period - Wrist shot by Sam Gagner.
0:39 of 2nd period - Shot Misses the Net.
0:41 of 2nd period - Slapshot by Dion Phaneuf.
0:41 of 2nd period - Stopped by Jimmy Howard without a rebound.
0:42 of 2nd period - Josef Vasicek wins face-off versus Peter Regin in Blackhawks zone.
0:55 of 2nd period - Wrist shot by Patrick Kaleta.
0:55 of 2nd period - Shot Misses the Net.
1:07 of 2nd period - Patrick Kane is hit by Duncan Keith and loses puck.
1:57 of 2nd period - Slapshot by Luke Schenn.
1:57 of 2nd period - Stopped by Jimmy Howard without a rebound.
1:58 of 2nd period - Steven Stamkos wins face-off versus Derick Brassard in Blackhawks zone.
2:11 of 2nd period - Snap shot by Steven Stamkos.
2:11 of 2nd period - Shot Misses the Net.
2:30 of 2nd period - Niclas Bergfors is hit by Derek Joslin and loses puck.
2:51 of 2nd period - Slapshot by Patrick Kaleta.
2:51 of 2nd period - Shot Misses the Net.
2:55 of 2nd period - Slapshot by Tomas Fleischmann.
2:55 of 2nd period - Shot Misses the Net.
3:11 of 2nd period - Brayden Schenn is hit by Carson Mcmillan and loses puck.
3:24 of 2nd period - Slapshot by Patrick Kane.
3:24 of 2nd period - Stopped by Josh Tordjman with a rebound.
3:26 of 2nd period - Backhand shot by Derick Brassard.
3:26 of 2nd period - Shot Misses the Net.
4:14 of 2nd period - Wrist shot by Tomas Fleischmann.
4:14 of 2nd period - Shot Misses the Net.
4:25 of 2nd period - Minor Penalty to Carson Mcmillan for High sticking.
4:26 of 2nd period - Peter Regin wins face-off versus Steven Stamkos in Blackhawks zone.
6:25 of 2nd period - Penalty to Carson Mcmillan is over, Carson Mcmillan is back on ice.
7:08 of 2nd period - Ryan Hollweg is hit by Luke Schenn and loses puck.
7:15 of 2nd period - Jonathan Toews is hit by Nikita Alexeev and loses puck.
7:38 of 2nd period - Snap shot by Nikita Alexeev.
7:38 of 2nd period - Shot Blocked by Jonathan Toews.
8:06 of 2nd period - Snap shot by Nikita Alexeev.
8:06 of 2nd period - Stopped by Jimmy Howard without a rebound.
8:07 of 2nd period - Steven Stamkos wins face-off versus Patrick Kane in Blackhawks zone.
8:30 of 2nd period - Minor Penalty to Sean Zimmerman for Holding.
8:31 of 2nd period - Brayden Schenn wins face-off versus Derick Brassard in Penguins zone.
10:25 of 2nd period - Antoine Roussel is hit by Duncan Keith and loses puck.
10:30 of 2nd period - Penalty to Sean Zimmerman is over, Sean Zimmerman is back on ice.
10:38 of 2nd period - Simon Gagné is hit by Kyle Brodziak and loses puck.
10:45 of 2nd period - Wrist shot by Oleg Saprykin.
10:45 of 2nd period - Shot Blocked by Simon Gagné.
10:57 of 2nd period - Derek Joslin is hit by Peter Regin and loses puck.
11:54 of 2nd period - Niclas Bergfors is hit by Dion Phaneuf and loses puck.
12:12 of 2nd period - Dion Phaneuf is hit by Denis Grebeshkov and loses puck.
12:24 of 2nd period - Off-side.
12:25 of 2nd period - Sam Gagner wins face-off versus Derick Brassard in neutral zone.
12:30 of 2nd period - Slapshot by Luke Schenn.
12:30 of 2nd period - Stopped by Jimmy Howard without a rebound.
12:31 of 2nd period - Sam Gagner wins face-off versus Derick Brassard in Blackhawks zone.
12:58 of 2nd period - Bobby Ryan is hit by Tomas Fleischmann and loses puck.
13:03 of 2nd period - Wrist shot by Patrick Kaleta.
13:03 of 2nd period - Deflect By Tomas Fleischmann.
13:03 of 2nd period - Stopped by Josh Tordjman with a rebound.
13:25 of 2nd period - Sean Zimmerman is hit by Ryan Hollweg and loses puck.
13:42 of 2nd period - Snap shot by Kyle Brodziak.
13:42 of 2nd period - Shot Misses the Net.
13:44 of 2nd period - Snap shot by Oleg Saprykin.
13:44 of 2nd period - Shot Misses the Net.
13:46 of 2nd period - Snap shot by Oleg Saprykin.
13:46 of 2nd period - Shot Misses the Net.
13:57 of 2nd period - Icing by Kyle Brodziak.
13:58 of 2nd period - Kyle Brodziak wins face-off versus Sam Gagner in Blackhawks zone.
14:44 of 2nd period - Slapshot by Steve Sullivan.
14:44 of 2nd period - Stopped by Jimmy Howard without a rebound.
14:45 of 2nd period - Nikita Alexeev wins face-off versus Tomas Fleischmann in Blackhawks zone.
14:58 of 2nd period - Nikita Alexeev is hit by Joni Pitkanen and loses puck.
15:21 of 2nd period - Slapshot by Derick Brassard.
15:21 of 2nd period - Stopped by Josh Tordjman with a rebound.
15:33 of 2nd period - Snap shot by Nathan Horton.
15:33 of 2nd period - Shot Misses the Net.
16:42 of 2nd period - Wrist shot by Duncan Keith.
16:42 of 2nd period - Stopped by Jimmy Howard without a rebound.
16:43 of 2nd period - Jonathan Toews wins face-off versus Josef Vasicek in Blackhawks zone.
17:10 of 2nd period - Steven Stamkos is hit by Niclas Bergfors and loses puck.
17:18 of 2nd period - Off-side.
17:19 of 2nd period - Sam Gagner wins face-off versus Derick Brassard in neutral zone.
17:28 of 2nd period - Snap shot by Sam Gagner.
17:28 of 2nd period - Stopped by Jimmy Howard without a rebound.
17:29 of 2nd period - Antoine Roussel wins face-off versus Sam Gagner in Blackhawks zone.
17:45 of 2nd period - Minor Penalty to Patrick Kane for Holding.
17:46 of 2nd period - Steven Stamkos wins face-off versus Peter Regin in Blackhawks zone.
18:36 of 2nd period - Icing by Bobby Ryan.
18:37 of 2nd period - Steven Stamkos wins face-off versus Peter Regin in Penguins zone.
19:00 of 2nd period - Slapshot by Dion Phaneuf.
19:00 of 2nd period - Goal by Dion Phaneuf - Penguins : 1 - Blackhawks : 1.
19:01 of 2nd period - Derick Brassard wins face-off versus Steven Stamkos in neutral zone.
19:28 of 2nd period - Sean Zimmerman is hit by Joni Pitkanen and loses puck.
19:54 of 2nd period - Minor Penalty to Tomas Fleischmann for Interference.
19:55 of 2nd period - Steven Stamkos wins face-off versus Peter Regin in Blackhawks zone.
Goals for this period are 1 for Penguins vs 0 for Blackhawks.
Shots for this period are 8 for Penguins vs 3 for Blackhawks.

3rd period


0:01 of 3rd period - Steven Stamkos wins face-off versus Peter Regin in neutral zone.
0:04 of 3rd period - Snap shot by Steven Stamkos.
0:04 of 3rd period - Stopped by Jimmy Howard with a rebound.
0:06 of 3rd period - Slapshot by Dion Phaneuf.
0:06 of 3rd period - Deflect By Steven Stamkos.
0:06 of 3rd period - Stopped by Jimmy Howard with a rebound.
0:12 of 3rd period - Slapshot by Bobby Ryan.
0:12 of 3rd period - Shot Blocked by Joni Pitkanen.
0:14 of 3rd period - Snap shot by Steven Stamkos.
0:14 of 3rd period - Stopped by Jimmy Howard with a rebound.
0:16 of 3rd period - Slapshot by Dion Phaneuf.
0:16 of 3rd period - Goal by Dion Phaneuf - Penguins : 2 - Blackhawks : 1.
0:17 of 3rd period - Max Pacioretty wins face-off versus Derick Brassard in neutral zone.
0:26 of 3rd period - Wrist shot by Steven Stamkos.
0:26 of 3rd period - Deflect By Max Pacioretty.
0:26 of 3rd period - Stopped by Jimmy Howard without a rebound.
0:27 of 3rd period - Antoine Roussel wins face-off versus Steven Stamkos in Blackhawks zone.
0:34 of 3rd period - Bobby Ryan is hit by Ian White and loses puck.
1:04 of 3rd period - Snap shot by Derick Brassard.
1:04 of 3rd period - Deflect By Patrick Kane.
1:04 of 3rd period - Stopped by Josh Tordjman without a rebound.
1:05 of 3rd period - Sam Gagner wins face-off versus Jonathan Toews in Penguins zone.
1:12 of 3rd period - Backhand shot by Ryan Hollweg.
1:12 of 3rd period - Stopped by Josh Tordjman without a rebound.
1:13 of 3rd period - Jonathan Toews wins face-off versus Sam Gagner in Penguins zone.
1:24 of 3rd period - Slapshot by Niclas Bergfors.
1:24 of 3rd period - Stopped by Josh Tordjman without a rebound.
1:25 of 3rd period - Steven Stamkos wins face-off versus Derick Brassard in Penguins zone.
1:40 of 3rd period - Slapshot by Derick Brassard.
1:40 of 3rd period - Stopped by Josh Tordjman with a rebound.
2:38 of 3rd period - Carson Mcmillan is hit by Luke Schenn and loses puck.
2:52 of 3rd period - Icing by Duncan Keith.
2:53 of 3rd period - Brayden Schenn wins face-off versus Derick Brassard in Penguins zone.
3:22 of 3rd period - Slapshot by Sam Gagner.
3:22 of 3rd period - Shot Blocked by Dave Tanabe.
3:24 of 3rd period - Snap shot by Dustin Penner.
3:24 of 3rd period - Shot Blocked by Dave Tanabe.
3:26 of 3rd period - Slapshot by Nathan Horton.
3:26 of 3rd period - Stopped by Jimmy Howard with a rebound.
3:28 of 3rd period - Slapshot by Duncan Keith.
3:28 of 3rd period - Shot Misses the Net.
3:30 of 3rd period - Slapshot by Luke Schenn.
3:30 of 3rd period - Stopped by Jimmy Howard with a rebound.
3:42 of 3rd period - Slapshot by Dave Tanabe.
3:42 of 3rd period - Deflect By Tomas Fleischmann.
3:42 of 3rd period - Stopped by Josh Tordjman without a rebound.
3:43 of 3rd period - Josef Vasicek wins face-off versus Peter Regin in Penguins zone.
3:43 of 3rd period - Josef Vasicek is hit by Tomas Fleischmann.
3:53 of 3rd period - Snap shot by Simon Gagné.
3:53 of 3rd period - Stopped by Jimmy Howard with a rebound.
3:55 of 3rd period - Slapshot by Simon Gagné.
3:55 of 3rd period - Stopped by Jimmy Howard with a rebound.
3:57 of 3rd period - Slapshot by Sean Zimmerman.
3:57 of 3rd period - Stopped by Jimmy Howard without a rebound.
3:58 of 3rd period - Patrick Kane wins face-off versus Steven Stamkos in Blackhawks zone.
3:58 of 3rd period - Patrick Kane is hit by Steven Stamkos.
4:10 of 3rd period - Wrist shot by Patrick Kane.
4:10 of 3rd period - Stopped by Josh Tordjman with a rebound.
4:12 of 3rd period - Slapshot by Ian White.
4:12 of 3rd period - Shot Misses the Net.
4:24 of 3rd period - Dion Phaneuf is hit by Peter Regin.
4:36 of 3rd period - Snap shot by Tomas Fleischmann.
4:36 of 3rd period - Stopped by Josh Tordjman without a rebound.
4:37 of 3rd period - Derick Brassard wins face-off versus Sam Gagner in Penguins zone.
4:43 of 3rd period - Snap shot by Derick Brassard.
4:43 of 3rd period - Stopped by Josh Tordjman without a rebound.
4:44 of 3rd period - Derick Brassard wins face-off versus Sam Gagner in Penguins zone.
4:55 of 3rd period - Wrist shot by Patrick Kane.
4:55 of 3rd period - Shot Misses the Net.
4:57 of 3rd period - Slapshot by Kurt Sauer.
4:57 of 3rd period - Stopped by Josh Tordjman with a rebound.
4:59 of 3rd period - Backhand shot by Derick Brassard.
4:59 of 3rd period - Shot Blocked by Derek Joslin.
5:01 of 3rd period - Snap shot by Derick Brassard.
5:01 of 3rd period - Shot Blocked by Dustin Penner.
5:03 of 3rd period - Snap shot by Kurt Sauer.
5:03 of 3rd period - Deflect By Patrick Kane.
5:03 of 3rd period - Goal by Patrick Kane - Penguins : 2 - Blackhawks : 2.
5:04 of 3rd period - Steven Stamkos wins face-off versus Derick Brassard in neutral zone.
5:17 of 3rd period - Snap shot by Bobby Ryan.
5:17 of 3rd period - Deflect By Max Pacioretty.
5:17 of 3rd period - Stopped by Jimmy Howard with a rebound.
5:19 of 3rd period - Slapshot by Dion Phaneuf.
5:19 of 3rd period - Deflect By Ian White.
5:19 of 3rd period - Stopped by Jimmy Howard without a rebound.
5:20 of 3rd period - Sam Gagner wins face-off versus Jonathan Toews in Blackhawks zone.
5:23 of 3rd period - Snap shot by Dustin Penner.
5:23 of 3rd period - Shot Blocked by Ian White.
5:50 of 3rd period - Wrist shot by Patrick Kane.
5:50 of 3rd period - Stopped by Josh Tordjman without a rebound.
5:51 of 3rd period - Steven Stamkos wins face-off versus Derick Brassard in Penguins zone.
6:00 of 3rd period - Snap shot by Steven Stamkos.
6:00 of 3rd period - Stopped by Jimmy Howard without a rebound.
6:01 of 3rd period - Steven Stamkos wins face-off versus Derick Brassard in Blackhawks zone.
6:24 of 3rd period - Minor Penalty to Steven Stamkos for Hooking.
6:25 of 3rd period - Derick Brassard wins face-off versus Brayden Schenn in Penguins zone.
6:26 of 3rd period - Wrist shot by Patrick Kane.
6:26 of 3rd period - Stopped by Josh Tordjman without a rebound.
6:27 of 3rd period - Tomas Fleischmann wins face-off versus Brayden Schenn in Penguins zone.
6:42 of 3rd period - Snap shot by Dion Phaneuf.
6:42 of 3rd period - Stopped by Jimmy Howard with a rebound.
6:52 of 3rd period - Dion Phaneuf is hit by Jonathan Toews and loses puck.
7:31 of 3rd period - Duncan Keith is hit by Denis Grebeshkov and loses puck.
8:24 of 3rd period - Penalty to Steven Stamkos is over, Steven Stamkos is back on ice.
9:13 of 3rd period - Denis Grebeshkov is hit by Steve Sullivan and loses puck.
9:32 of 3rd period - Denis Grebeshkov is hit by Nathan Horton and loses puck.
10:07 of 3rd period - Joni Pitkanen is hit by Steve Sullivan and loses puck.
10:12 of 3rd period - Slapshot by Nikita Alexeev.
10:12 of 3rd period - Stopped by Jimmy Howard without a rebound.
10:13 of 3rd period - Steven Stamkos wins face-off versus Kyle Brodziak in Blackhawks zone.
10:44 of 3rd period - Double Minor Penalty to Ryan Hollweg for Slashing.
10:45 of 3rd period - Steven Stamkos wins face-off versus Peter Regin in Blackhawks zone.
11:58 of 3rd period - Steven Stamkos is hit by Jonathan Toews and loses puck.
12:37 of 3rd period - Oleg Saprykin is hit by Dion Phaneuf and loses puck.
13:25 of 3rd period - Wrist shot by Brayden Schenn.
13:25 of 3rd period - Stopped by Jimmy Howard with a rebound.
13:46 of 3rd period - Backhand shot by Duncan Keith.
13:46 of 3rd period - Deflect By Simon Gagné.
13:46 of 3rd period - Shot Misses the Net.
13:46 of 3rd period - Puck is out of play.
13:47 of 3rd period - Bobby Ryan wins face-off versus Patrick Kaleta in Blackhawks zone.
13:50 of 3rd period - Wrist shot by Steven Stamkos.
13:50 of 3rd period - Stopped by Jimmy Howard with a rebound.
14:44 of 3rd period - Penalty to Ryan Hollweg is over, Ryan Hollweg is back on ice.
14:56 of 3rd period - Sam Gagner is hit by Patrick Kane and loses puck.
16:05 of 3rd period - Wrist shot by Oleg Saprykin.
16:05 of 3rd period - Goal by Oleg Saprykin - Penguins : 2 - Blackhawks : 3.
16:06 of 3rd period - Peter Regin wins face-off versus Josef Vasicek in neutral zone.
16:32 of 3rd period - Dave Tanabe is hit by Dion Phaneuf and loses puck.
17:24 of 3rd period - Wrist shot by Nikita Alexeev.
17:24 of 3rd period - Stopped by Jimmy Howard with a rebound.
17:40 of 3rd period - Patrick Kaleta is hit by Simon Gagné and loses puck.
19:11 of 3rd period - Slapshot by Jonathan Toews.
19:11 of 3rd period - Shot Misses the Net.
19:17 of 3rd period - Penguins, Josh Tordjman is pulled from the net.
19:19 of 3rd period - Slapshot by Steven Stamkos.
19:19 of 3rd period - Shot Misses the Net.
19:21 of 3rd period - Slapshot by Dion Phaneuf.
19:21 of 3rd period - Stopped by Jimmy Howard with a rebound.
19:45 of 3rd period - Snap shot by Steven Stamkos.
19:45 of 3rd period - Shot Blocked by Patrick Kane.
19:47 of 3rd period - Wrist shot by Max Pacioretty.
19:47 of 3rd period - Shot Misses the Net.
19:49 of 3rd period - Slapshot by Dion Phaneuf.
19:49 of 3rd period - Stopped by Jimmy Howard without a rebound.
19:50 of 3rd period - Bryan Murray call a timeout for Penguins.
19:50 of 3rd period - Jonathan Toews wins face-off versus Steven Stamkos in Blackhawks zone.
Goals for this period are 1 for Penguins vs 2 for Blackhawks.
Shots for this period are 20 for Penguins vs 13 for Blackhawks.